AoeStats
← Element-Dy

Lombardia

509872119Analyzed
4v4 RM · 4d ago on Sep 28, 2026· 50m 27s· 8 players
Game mode
Random Map
Map size
Large (8 player)
Population
200
Speed
Normal
Resources
Standard
Victory
Conquest
Starting age
Dark Age
Ending age
Imperial Age
RankedLock teamsTeams togetherTeam positionsShared explorationLock speedFull tech treeHidden civsTurbo modeCheats
Victory
Defeat
🇨🇳 Malians · China
1823
+11
🇦🇷 Slavs · Argentina
1774
+13
🇻🇳 Bohemians · Vietnam
1760
+13
🇨🇳 Khmer · China
1596
+20
🇨🇿 Vietnamese · Czechia
1748
-16
🇹🇷 Goths · Türkiye
1717
-15
🇨🇳 Spanish · China
1687
-14
🇪🇸 Mongols · Spain
1647
-12
Apep
9:28 Feudal Age
9:31 Man-at-Arms
10:03 Double-Bit Axe
11:25 Horse Collar
18:00 Loom
22:58 Castle Age
24:15 Bow Saw
24:38 Pikeman
25:28 Squires
28:36 Wheelbarrow
31:31 Gold Mining
35:48 Imperial Age
33:55 Hand Cart
33:41 Scale Mail Armor
34:23 Forging
35:23 Chain Mail Armor
36:08 Iron Casting
36:05 Anarchy
36:23 Elite Huskarl
38:36 Blast Furnace
37:15 Halberdier
41:08 Conscription
44:11 Perfusion
AutoClickerv3
7:57 Feudal Age
8:32 Double-Bit Axe
9:12 Loom
9:20 Horse Collar
13:06 Forging
20:29 Castle Age
18:55 Stone Mining
19:34 Gold Mining
29:12 Ballistics
32:03 Wheelbarrow
32:53 Town Watch
33:56 Hand Cart
35:38 Gold Shaft Mining
35:25 Murder Holes
35:40 Masonry
37:44 Stone Shaft Mining
40:25 Imperial Age
38:26 Bow Saw
38:19 Heavy Plow
38:33 Caravan
41:33 Bloodlines
41:24 Husbandry
41:16 Fletching
42:32 Chemistry
41:17 Elite Mangudai
42:00 Nomads
42:09 Bodkin Arrow
42:29 Thumb Ring
42:50 Parthian Tactics
43:41 Conscription
44:10 Fortified Wall
44:51 Town Patrol
44:27 Capped Ram
45:41 Bracer
45:42 Padded Archer Armor
45:36 Siege Ram
47:44 Leather Archer Armor
46:52 Elite Steppe Lancer
46:52 Light Cavalry
48:26 Hoardings
49:29 Iron Casting
49:00 Scale Barding Armor
49:29 Drill
49:07 Hussar
50:03 Siege Engineers
裂车长
11:11 Feudal Age
11:20 Feudal Age
13:06 Double-Bit Axe
15:58 Castle Age
13:49 Horse Collar
16:17 Gold Mining
17:11 Bow Saw
17:05 Heavy Plow
17:38 Padded Archer Armor
23:17 Loom
23:17 Town Watch
25:30 Wheelbarrow
26:54 Bloodlines
27:05 Leather Archer Armor
27:47 Husbandry
29:55 Hand Cart
34:51 Imperial Age
32:54 Scale Barding Armor
32:53 Stone Mining
34:54 Forging
35:04 Chain Barding Armor
34:55 Forging
35:01 Cavalier
36:28 Plate Barding Armor
36:29 Iron Casting
37:52 Conscription
38:28 Coinage
38:13 Guilds
37:54 Capped Ram
39:54 Blast Furnace
38:45 Fletching
38:29 Pikeman
39:10 Squires
38:56 Onager
40:58 Two-Man Saw
41:07 Ballistics
41:47 Chemistry
40:15 Siege Ram
42:25 Bodkin Arrow
42:30 Scale Mail Armor
42:38 Paladin
45:12 Supremacy
46:04 Banking
45:35 Caravan
46:05 Light Cavalry
48:41 Bracer
49:13 Bombard Tower
Velky kanec
8:17 Loom
10:49 Feudal Age
14:54 Castle Age
13:13 Double-Bit Axe
13:43 Horse Collar
16:02 Wheelbarrow
16:03 Bow Saw
18:23 Fletching
20:10 Bodkin Arrow
21:45 Gold Mining
22:14 Heavy Plow
24:57 Hand Cart
25:01 Stone Mining
30:50 Imperial Age
28:30 Thumb Ring
28:51 Padded Archer Armor
29:41 Stone Shaft Mining
29:55 Leather Archer Armor
30:55 Ballistics
31:09 Husbandry
31:41 Bracer
31:48 Treadmill Crane
32:29 Bloodlines
33:14 Ring Archer Armor
33:47 Two-Man Saw
33:00 Town Watch
35:53 Chemistry
35:18 Caravan
38:36 Paper Money
39:25 Siege Engineers
39:31 Masonry
41:35 Guilds
43:51 Heavy Cavalry Archer
46:33 Coinage
49:42 Onager
Mariann
9:03 Feudal Age
9:34 Double-Bit Axe
10:19 Loom
10:37 Horse Collar
16:04 Gold Mining
18:22 Castle Age
17:09 Scale Barding Armor
19:06 Heavy Plow
19:26 Bow Saw
23:14 Wheelbarrow
27:08 Hand Cart
28:06 Town Watch
29:04 Chain Barding Armor
31:21 Imperial Age
29:05 Bloodlines
28:55 Husbandry
30:55 Detinets
30:54 Stone Mining
31:42 Gold Shaft Mining
31:46 Chain Barding Armor
32:02 Forging
32:35 Crop Rotation
33:06 Two-Man Saw
32:32 Conscription
33:08 Plate Barding Armor
34:10 Iron Casting
34:42 Caravan
35:09 Fletching
35:12 Elite Boyar
37:02 Ballistics
38:22 Capped Ram
39:38 Coinage
42:14 Chemistry
42:19 Blast Furnace
42:32 Fortified Wall
43:24 Hoardings
44:18 Banking
48:40 Bodkin Arrow
50:34 Siege Engineers
50:40 Masonry
十大地方
7:12 Loom
9:20 Feudal Age
10:03 Double-Bit Axe
10:07 Horse Collar
16:59 Fletching
21:08 Castle Age
19:41 Padded Archer Armor
19:54 Gold Mining
21:11 Crossbowman
21:56 Bodkin Arrow
22:12 Bow Saw
23:07 Heavy Plow
26:25 Ballistics
27:57 Wheelbarrow
29:00 Leather Archer Armor
30:11 Hand Cart
29:42 Town Watch
34:53 Imperial Age
33:44 Thumb Ring
34:55 Scale Barding Armor
35:00 Forging
35:01 Bloodlines
34:51 Husbandry
35:57 Chain Barding Armor
35:39 Heavy Camel Rider
38:07 Plate Barding Armor
40:07 Iron Casting
40:16 Crop Rotation
40:08 Caravan
42:39 Capped Ram
43:28 Farimba
45:43 Conscription
45:20 Light Cavalry
48:07 Coinage
47:48 Guilds
49:36 Chemistry
Element-Dy
5:25 Loom
8:06 Feudal Age
8:53 Double-Bit Axe
15:49 Horse Collar
17:30 Wheelbarrow
20:25 Castle Age
18:36 Stone Mining
21:51 Hand Cart
21:39 Heavy Plow
21:54 Bow Saw
26:29 Town Watch
26:41 Gold Mining
27:32 Stone Shaft Mining
32:42 Imperial Age
30:18 Gold Mining
31:20 Bloodlines
31:11 Husbandry
33:48 Conscription
32:49 Elite Ballista Elephant
34:27 Gold Shaft Mining
37:28 Chemistry
36:48 Ballistics
36:55 Siege Engineers
37:13 Ballistics
36:55 Double Crossbow
36:57 Tusk Swords
37:12 Caravan
38:06 Hoardings
37:38 Scale Barding Armor
37:44 Forging
38:44 Fletching
39:39 Chain Barding Armor
40:15 Bodkin Arrow
40:55 Iron Casting
40:54 Masonry
40:39 Murder Holes
40:49 Tusk Swords
41:25 Plate Barding Armor
42:17 Elite Battle Elephant
43:58 Blast Furnace
42:59 Bracer
43:57 Architecture
DL-Empty
10:31 Feudal Age
14:18 Castle Age
12:13 Double-Bit Axe
12:36 Horse Collar
15:59 Fervor
15:38 Loom
16:13 Bow Saw
17:01 Wheelbarrow
23:35 Heavy Plow
28:12 Imperial Age
26:51 Hand Cart
26:48 Padded Archer Armor
28:22 Leather Archer Armor
29:09 Chemistry
29:55 Two-Man Saw
29:44 Wagenburg Tactics
30:16 Ballistics
30:07 Fortified Wall
30:39 Conscription
30:18 Elite Hussite Wagon
33:28 Houfnice
34:16 Siege Engineers
34:22 Masonry
39:44 Caravan
44:10 Architecture
44:49 Bombard Tower
46:25 Fletching
46:29 Guard Tower
46:25 Arrowslits
Connection lost

Rejoining the realm…

Still unreachable

The connection could not be restored.

Session expired

The server has moved on; the page needs a fresh start.